 Dungeon Crawl Stone Soup version 0.28-a0-1395-g4f6bc678fa (webtiles) character file.

Game seed: 17221578971583410909

43 freelancePsychic the Chopper (level 3, -1/33 HPs)
             Began as a Hill Orc Monk on Jan 5, 2022.
             Slain by Natasha (7 damage)
             ... on level 2 of the Dungeon.
             The game lasted 00:03:16 (1617 turns).

freelancePsychic the Chopper (Hill Orc Monk)        Turns: 1617, Time: 00:03:16

Health: -1/33      AC:  3    Str: 15    XL:     3   Next: 58%
Magic:  3/3        EV: 12    Int: 10    God:
Gold:   39         SH:  5    Dex: 13    Spells: 2/2 levels left

rFire   . . .      SeeInvis .   k - +1 hand axe (vamp)
rCold   + . .      Faith    .   (no shield)
rNeg    . . .      Spirit   .   j - +0 leather armour
rPois   .          Reflect  +   (no helmet)
rElec   .          Harm     .   (no cloak)
rCorr   .          Rampage  .   (no gloves)
Will    .....                   (no boots)
Stlth   ++........              e - amulet of reflection
HPRegen 0.11/turn               d - ring of protection from cold
MPRegen 0.08/turn               (no ring)

@: weak-willed
A: no striking features
a: no special abilities


You were on level 2 of the Dungeon.
You visited 1 branch of the dungeon, and saw 2 of its levels.

You collected 39 gold pieces.

Inventory:

Hand Weapons
 a - a +0 hand axe
 k - a +1 vampiric hand axe (weapon)
Missiles
 h - 4 poisoned darts (quivered)
Armour
 b - a +0 robe
 j - a +0 leather armour (worn)
Jewellery
 d - a ring of protection from cold (left hand)
 e - an amulet of reflection (around neck)
Potions
 c - a potion of curing {@q1}
 f - a potion of attraction {unknown}


   Skills:
 + Level 4.2 Fighting
 * Level 5.3 Axes
 + Level 0.6 Throwing
 - Level 2.4 Dodging
 - Level 1.5 Stealth


You had 2 spell levels left.
You didn't know any spells.
Your spell library was empty.

Dungeon Overview and Level Annotations

Branches:
Dungeon (2/15)

Altars:

Annotations:
D:2 Natasha


Message History

You feel sick.
The shadow imp disappears in a puff of smoke!
The adder closely misses you. The white imp barely misses you.
Natasha claws you!
You hit the adder.
You feel better.
You kill the adder!
You slash Natasha!
You feel better.
You hit the white imp. You barely miss the white imp.
You feel sick.
Natasha stares at you and mumbles some strange words.
The magic dart hits you! The white imp hits you. The white imp freezes you.
You resist. The white imp hits you. The white imp freezes you. You resist.
You feel better. Natasha misses you. You block the white imp's attack.
The white imp hits you but does no damage.
You feel better. Natasha casts a spell at you. The magic dart hits you.
The white imp hits you. The white imp freezes you. You resist.
The white imp hits you but does no damage.
You hit Natasha.
Natasha is almost dead.
You hit the white imp but do no damage. You hit the white imp.
Natasha claws you.
The white imp hits you but does no damage.
The white imp barely misses you.
You closely miss Natasha.
Natasha is almost dead.
You barely miss the white imp. You hit the white imp but do no damage.
Natasha barely misses you. The white imp barely misses you.
You block the white imp's attack.
You closely miss Natasha.
Natasha is almost dead.
You closely miss the white imp. You hit the white imp.
Natasha stares at you and mumbles some strange words.
The magic dart hits you. The white imp hits you.
* * * LOW HITPOINT WARNING * * *
The white imp freezes you. You resist.
* * * LOW HITPOINT WARNING * * *
The white imp hits you but does no damage.
Natasha claws you!
You die...

... #...# #..... ##...
#...###..... .##....
#...#....... .......
####...#....#..
.......###......#....#..
..............# #....#..
.##...........######....
.......h).....#...##....
.......@......#...##....
......#55.....#...####..
..... ####[.............
.... ##..........### ...
#..........# ..
#..........### .
#....##...5...
..#.......h....
...#......##.?..


You could see Natasha (weak-willed) and 2 white imps.

Vanquished Creatures
  An adder (D:2)
  A dart slug (D:1)
  2 endoplasms
  4 goblins
  5 hobgoblins
  3 kobolds (D:1)
  2 quokkas (D:1)
  4 ball pythons
  2 frilled lizards
  4 rats (D:2)
28 creatures vanquished.

Notes
Turn   | Place    | Note
-------+----------+-------------------------------------------
     0 | D:1      | freelancePsychic the Hill Orc Monk began the quest for the
                  | Orb.
     0 | D:1      | Reached XP level 1. HP: 19/19 MP: 1/1
   375 | D:1      | Reached XP level 2. HP: 17/27 MP: 2/2
   857 | D:1      | Found a faded altar of an unknown god.
  1264 | D:1      | Reached skill level 5 in Axes
  1461 | D:2      | Reached XP level 3. HP: 33/33 MP: 3/3
  1589 | D:2      | Noticed Natasha
  1617 | D:2      | Slain by Natasha

Illustrated notes

Levels and vault maps discovered:
D:1:      tarquinn_simple_flora_water_a, layout_loops_ring,
          ebering_ecumenical_altar_abandoned
D:2:      layout_basic, minmay_misc_feat_enclosed, uniq_crazy_yiuf_cottage,
          uniq_natasha, uniq_terence, uniq_robin

Skill      XL: |  1  2 |
---------------+-------+-----
Fighting       | 4 |  4.2
Axes           | 5 |  5.3
Throwing       | |  0.6
Dodging        | |  2.4
Stealth        | |  1.5

Action                   || total
-------------------------++-------
Melee: Hand axe          ||   103
  Use: Scroll            ||     2
       Potion            ||     2
 Stab: Sleeping          ||     3
Armor: Robe              ||     8
       Leather armour    ||     7
Dodge: Dodged            ||    73
Block: Other             ||     6

Table legend: (Time is in decaauts)
 A = Elapsed time spent in this place.
 B = Non-inter-level travel time spent in this place.
 C = Inter-level travel time spent in this place.
 D = Time resting spent in this place.
 E = Time spent auto-exploring this place.
 F = Levels seen in this place.
 G = Mean time per level.
                   A        B        C        D        E       F      G
               +--------+--------+--------+--------+--------+-----+--------+
         Total |   1622 |   1529 |     93 |      0 |   1241 |   2 |  811.0 |
       Dungeon |   1622 |   1529 |     93 |      0 |   1241 |   2 |  811.0 |
               +--------+--------+--------+--------+--------+-----+--------+

Top non-repeatable levels by time:
     D:1: 1449 daAuts
     D:2: 172 daAuts
